 Dungeon Crawl Stone Soup version 0.31-a0-569-g7ea453304b (webtiles) character file.

Game seed: 7020276845154854949

331 Ethylacetat the Ducker (level 6, 0/42 HPs)
             Began as an Octopode Gladiator on Aug 18, 2023.
             Slain by a gnoll
             ... wielding a +0 flail
             ... led by a gnoll bouda
              (2 damage)
             ... on level 5 of the Dungeon.
             The game lasted 00:03:32 (2649 turns).

Ethylacetat the Ducker (Octopode Gladiator)         Turns: 2649, Time: 00:03:32

Health: 0/42       AC:  1    Str: 16    XL:     6   Next: 52%
Magic:  6/6        EV: 16    Int: 11    God:
Gold:   265        SH:  0    Dex: 23    Spells: 5/5 levels left

rFire   + . .        r - +6 quarterstaff "Jako" {drain, *Slow Str+3 Dex+8 SInv}
rCold   . . .        (shield currently unavailable)
rNeg    . . .        a - melded +0 hat
rPois   .            (no amulet)
rElec   .            i - ring of protection from fire
rCorr   .            (no ring)
SInv    +            (no ring)
Will    .....        (no ring)
Stlth   +++          (no ring)
HPRegen 0.27/turn    (no ring)
MPRegen 0.10/turn    (no ring)
                     (no ring)

%: slow self (1%)
@: beast-form
A: beast (slay +1), almost no armour, amphibious, 8 rings, camouflage 1,
gelatinous body 1, (nimble swimmer 1), tentacles
a: Begin Untransformation


You were on level 5 of the Dungeon.
You were a hulking beast.
You visited 1 branch of the dungeon, and saw 5 of its levels.

You collected 265 gold pieces.

Inventory:

Hand Weapons
 r - the +6 quarterstaff "Jako" (weapon) {drain, *Slow Str+3 Dex+8 SInv}
   (You found it on level 3 of the Dungeon)

   Str+3:     It affects your strength (+3).
   Dex+8:     It affects your dexterity (+8).
   SInv:      It lets you see invisible.
   *Slow:     It may slow you when you take damage.
Missiles
 b - 3 throwing nets (quivered)
 c - a javelin
Armour
 a - a +0 hat (melded)
Jewellery
 i - a ring of protection from fire (left tentacle)
Talismans
 g - a beast talisman (active)
Wands
 x - a wand of mindburst (20)
 y - a wand of iceblast (12)
Scrolls
 e - 2 scrolls of immolation {unknown}
 h - 3 scrolls of enchant armour {unknown}
 l - 3 scrolls of identify {unknown}
 o - a scroll of enchant weapon {unknown}
 p - a scroll of poison {unknown}
 s - a scroll of brand weapon {unknown}
 t - a scroll of fear {unknown}
 u - a scroll of revelation {unknown}
 v - a scroll of summoning {unknown}
 w - a scroll of amnesia {unknown}
Potions
 d - 2 potions of mutation {unknown}
 f - a potion of enlightenment {unknown}
 j - 2 potions of brilliance {unknown}
 k - 2 potions of curing {unknown}
 m - a potion of lignification {unknown}
 n - 3 potions of degeneration {unknown}
 q - a potion of heal wounds {unknown}


   Skills:
 + Level 3.6 Fighting
 - Level 2.0 Throwing
 + Level 4.3 Dodging
 + Level 4.2 Unarmed Combat
 * Level 2.5 Shapeshifting


You had 5 spell levels left.
You didn't know any spells.
Your spell library contained the following spells:

 Spells                   Type           Power      Damage    Failure   Level
 Summon Small Mammal      Summ           0%         N/A       34%         1
 Ensorcelled Hibernation  Hex/Ice        0%         N/A       47%         2
 Passwall                 Tmut/Erth      0%         N/A       47%         2
 Call Canine Familiar     Summ           0%         N/A       71%         3
 Hailstorm                Conj/Ice       0%         3d3       71%         3
 Summon Guardian Golem    Hex/Summ       0%         N/A       71%         3
 Swiftness                Air            0%         N/A       71%         3
 Summon Ice Beast         Ice/Summ       0%         N/A       98%         4
 Simulacrum               Ice/Necr       0%         N/A       100%        6


Dungeon Overview and Level Annotations

Branches:
Dungeon (5/15)
 Temple: D:4-7

Altars:
Makhleb
Nemelex Xobeh
Trog

Shops:
D:2 =


Innate Abilities, Weirdness & Mutations

You are a hulking beast.
Your limbs bulge with bestial killing power. (Slay +1)
You cannot wear most types of armour.
You are amphibious.
You can wear up to eight rings at the same time.
Your skin changes colour to match your surroundings (Stealth+).
Your rubbery body absorbs attacks. (AC +1, EV +1)
((You are camouflaged when in or above water. (Stealth+)))
You have tentacles for arms and can constrict up to eight enemies at once.


Message History

No target in view!
Key pressed, stopping explore.
No target in view!
No target in view!
h - 3 scrolls labelled LENEHIOGIFE (gained 1)
j - 2 dark potions (gained 1)
A gnoll comes into view. It is wielding a +0 spear.
A gnoll is nearby!
A gnoll is nearby!
A gnoll bouda and a gnoll come into view.
The gnoll bouda shouts!
The gnoll shouts!
The gnoll bouda barks out a call to the hunt!
The gnolls pick up the pace!
A gnoll comes into view. It is wielding a +0 flail.
Found an orange potion.
The gnoll completely misses you. The gnoll barely misses you.
The gnoll shouts!
You sock the gnoll! You grab the gnoll.
The gnoll is severely wounded.
You constrict the gnoll.
The gnoll escapes!
You sock the gnoll!
You kill the gnoll!
The gnoll hits you with a +0 flail!
You sock the gnoll bouda! You grab the gnoll bouda.
You squeeze the gnoll bouda!
The gnoll bouda is almost dead.
You constrict the gnoll bouda. The gnoll bouda closely misses you.
The gnoll misses you.
The gnoll bouda utters an invocation to its god.
The gnoll bouda is healed somewhat.
You sock the gnoll bouda!
You kill the gnoll bouda!
The gnoll hits you with a +0 flail! The gnoll misses you.
You barely miss the gnoll. You grab the gnoll. You constrict the gnoll.
The gnoll hits you with a +0 flail!
* * * LOW HITPOINT WARNING * * *
The gnoll hits you with a +0 flail!
* * * LOW HITPOINT WARNING * * *
The gnoll hits you with a +0 flail.
You die...

.'.......#)......#
.#.......#.......#
.#.......'.......#
.#.......#.......#
.#..>....#.......#
##########..<....#
#.......#####
######......#
#.h....# #.gg...#
#......# #......#
#......# #......#
#....!.# #......#


You could see 2 gnolls.

Vanquished Creatures
  An ogre (D:5)
  A gnoll bouda (D:5)
  An iguana (D:4)
  Jessica (D:3)
  2 gnolls
  5 adders
  2 worms
  2 dart slugs
  5 orcs
  4 ball pythons
  7 endoplasms
  5 giant cockroaches
  10 goblins
  9 hobgoblins
  2 jackals (D:2)
  9 kobolds
  5 quokkas
  3 bats
  5 frilled lizards
  10 rats
89 creatures vanquished.

Notes
Turn   | Place    | Note
-------+----------+-------------------------------------------
     0 | D:1      | Ethylacetat the Octopode Gladiator began the quest for the
                  | Orb.
     0 | D:1      | Reached XP level 1. HP: 14/14 MP: 1/1
   132 | D:1      | Reached XP level 2. HP: 19/19 MP: 2/2
   398 | D:1      | Found a faded altar of an unknown god.
   416 | D:1      | Reached XP level 3. HP: 23/25 MP: 3/3
   695 | D:2      | Reached XP level 4. HP: 30/30 MP: 4/4
   757 | D:2      | Reached skill level 1 in Shapeshifting
  1108 | D:2      | Found Meun Udu's Jewellery Shop.
  1457 | D:3      | Noticed Jessica
  1464 | D:3      | Killed Jessica
  1465 | D:3      | Reached XP level 5. HP: 33/36 MP: 5/5
  1503 | D:3      | Identified the +6 quarterstaff "Jako" {drain, *Slow Str+3
                  | Dex+8 SInv}
  1812 | D:3      | Identified the +2 sling "Tuamn" {antimagic, Str+5 SInv}
  2178 | D:4      | Found a burning altar of Makhleb.
  2221 | D:4      | Found a bloodstained altar of Trog.
  2317 | D:4      | Found a sparkling altar of Nemelex Xobeh.
  2588 | D:5      | Entered Level 5 of the Dungeon
  2615 | D:5      | Noticed an ogre
  2618 | D:5      | Killed an ogre
  2619 | D:5      | Reached XP level 6. HP: 42/42 MP: 6/6
  2649 | D:5      | HP: 2/42 [gnoll/+0 flail[a gnoll bouda] (8)]
  2649 | D:5      | Slain by a gnoll

Illustrated notes

Levels and vault maps discovered:
D:1:      lightli_arrival_statuegarden, layout_basic,
          ebering_ecumenical_altar_abandoned, hex_large, nicolae_grassy_gnolls
D:2:      minmay_chambers_of_ones, layout_loops_ring, serial_shops,
          nicolae_shop_gaudy_bauble
D:3:      layout_basic, guppyfry_early_orc_mine, uniq_jessica
D:4:      layout_rooms, old_standard_altar, trog_three_pillars_becter,
          lemuel_doored_altar
D:5:      layout_gridville

Skill      XL: |  1  2  3  4  5 |
---------------+----------------+-----
Shapeshifting  | 1 2 |  2.5
Fighting       | 3 |  3.6
Dodging        | 4 |  4.3
Unarmed Combat | 4 |  4.2
Throwing       | |  2.0

Action                     |  1- 3 |  4- 6 || total
---------------------------+-------+-------++-------
  Melee: Unarmed           |    72 |    42 ||   114
         Constrict         |    19 |    21 ||    40
         Tentacles         |    12 |    14 ||    26
         Punch             |     1 |     2 ||     3
         Quarterstaff      |       |    46 ||    46
   Stab: Sleeping          |    12 |    16 ||    28
 Armour: Skin              |     2 |     5 ||     7
  Dodge: Dodged            |    45 |    47 ||    92
   Form: Beast             |     1 |       ||     1

Table legend: (Time is in decaauts)
 A = Elapsed time spent in this place.
 B = Non-inter-level travel time spent in this place.
 C = Inter-level travel time spent in this place.
 D = Time resting spent in this place.
 E = Time spent auto-exploring this place.
 F = Levels seen in this place.
 G = Mean time per level.
                   A        B        C        D        E       F      G
               +--------+--------+--------+--------+--------+-----+--------+
         Total |   2653 |   2551 |    102 |      0 |   2007 |   5 |  530.6 |
       Dungeon |   2653 |   2551 |    102 |      0 |   2007 |   5 |  530.6 |
               +--------+--------+--------+--------+--------+-----+--------+

Top non-repeatable levels by time:
     D:3: 768 daAuts
     D:2: 728 daAuts
     D:1: 643 daAuts
     D:4: 449 daAuts
     D:5: 63 daAuts
